 Dungeon Crawl Stone Soup version 0.28.0-43-g3370ac3207 (webtiles) character file.

Game seed: 17162674491909881023

2327 safid the Severer (level 9, -4/71 HPs)
             Began as a Hill Orc Fighter on Mar 31, 2022.
             Was a Believer of Beogh.
             Killed from afar by a steam dragon (24 damage)
             ... with a ball of steam
             ... on level 7 of the Dungeon.
             The game lasted 00:11:58 (7140 turns).

safid the Severer (Hill Orc Fighter)                Turns: 7140, Time: 00:11:59

Health: -4/71      AC:  8    Str: 23    XL:     9   Next: 42%
Magic:  9/9        EV:  9    Int:  8    God:    Beogh [**....]
Gold:   316        SH:  9    Dex: 10    Spells: 8/8 levels left

rFire   . . .      SeeInvis .   a - +0 war axe
rCold   . . .      Faith    .   c - +0 buckler
rNeg    . . .      Spirit   .   b - +0 scale mail
rPois   .          Reflect  +   e - +0 hat {Stlth+}
rElec   .          Harm     .   (no cloak)
rCorr   .          Rampage  .   l - +0 pair of gloves
Will    .....                   (no boots)
Stlth   +.........              m - amulet of reflection
HPRegen 0.21/turn               (no ring)
MPRegen 0.11/turn               (no ring)

@: no status effects
A: no striking features
a: Renounce Religion, Smiting


You were on level 7 of the Dungeon.
You worshipped Beogh.
Beogh was pleased with you.
You visited 1 branch of the dungeon, and saw 7 of its levels.

You collected 316 gold pieces.

Inventory:

Hand Weapons
 a - a +0 war axe (weapon)
 v - the +6 dagger "Brush" {spect, rElec rCorr Str+2 Dex-4}
   (You found it on level 4 of the Dungeon)

   When its wielder attacks, the weapon's spirit leaps out and strikes again.
   The spirit shares a part of any damage it takes with its wielder.
   Str:       It affects your strength (+2).
   Dex:       It affects your dexterity (-4).
   rElec:     It insulates you from electricity.
   rCorr:     It protects you from acid and corrosion.
 D - the +8 mace of Recklessness {holy, Int+6}
   (You found it on level 5 of the Dungeon)

   It has been blessed by the Shining One to cause great damage to the undead
   and demons.
   Int:       It affects your intelligence (+6).
Missiles
 g - 12 boomerangs (quivered)
 n - a throwing net
 r - 9 poisoned darts
 I - 3 silver javelins
Armour
 b - a +0 scale mail (worn)
 c - a +0 buckler (worn)
 e - a +0 hat of stealth (worn)
 l - a +0 pair of gloves (worn)
Jewellery
 m - an amulet of reflection (around neck)
Wands
 x - a wand of charming (1)
 G - a wand of flame (7)
Scrolls
 j - 2 scrolls of magic mapping
 k - 3 scrolls of blinking
 o - 3 scrolls of teleportation
 s - 2 scrolls of enchant weapon
 t - a scroll of fog {unknown}
 H - a scroll of silence {unknown}
Potions
 d - a potion of might
 h - 2 potions of flight
 p - 3 potions of curing
 q - a potion of heal wounds
 w - a potion of degeneration {unknown}
 z - a potion of ambrosia {unknown}
 A - a potion of haste {unknown}
 B - a potion of mutation {unknown}
 C - a potion of attraction {unknown}
 F - a potion of magic {unknown}


   Skills:
 - Level 4.0 Fighting
 + Level 15.3 Axes
 - Level 4.0 Armour
 - Level 4.0 Shields


You had 8 spell levels left.
You didn't know any spells.
Your spell library contained the following spells:

 Spells                   Type           Power      Damage    Failure   Level
 Animate Skeleton         Necr           0%         N/A       80%         1
 Pain                     Necr           0%         1d4       80%         1
 Stone Arrow              Conj/Erth      0%         3d7       99%         3
 Vampiric Draining        Necr           0%         2d6       99%         3
 Animate Armour           Summ/Erth      0%         N/A       100%        4
 Lehudib's Crystal Spear  Conj/Erth      0%         10d2      100%        8


Dungeon Overview and Level Annotations

Branches:
Dungeon (7/15)             Temple (0/1) D:6

Altars:
Ashenzari

Shops:
D:1 !=   D:4 *


Message History

Unknown command.
The orc wizard casts a spell at you. The puff of flame hits you.
You slash the orc wizard!
The orc wizard is severely wounded.
The orc wizard closely misses you.
Unknown command.
You slash the orc wizard!
You kill the orc wizard!
Beogh accepts your kill.
Unknown command.
You barely miss the steam dragon. The steam dragon bites you.
You block the steam dragon's attack.
Unknown command.
You hit the steam dragon.
The steam dragon is lightly wounded.
You barely miss the steam dragon.
The steam dragon is lightly wounded.
The steam dragon bites you!
The steam dragon claws you but does no damage.
You closely miss the steam dragon.
The steam dragon is lightly wounded.
The steam dragon breathes steam at you. The ball of steam hits you!
You completely miss the steam dragon.
The steam dragon is lightly wounded.
You are engulfed in a cloud of scalding steam.
* * * LOW HITPOINT WARNING * * *
The steam dragon bites you but does no damage.
You block the steam dragon's attack.
You hit the steam dragon.
The steam dragon is moderately wounded.
You are engulfed in a cloud of scalding steam.
The steam dragon bites you.
* * * LOW HITPOINT WARNING * * *
The steam dragon claws you.
* * * LOW HITPOINT WARNING * * *
The steam dragon breathes steam at you. The ball of steam hits you!!
You die...

#........# #....<.#
#.####..####......#
#[.###...(........#
#.#....####......###
##...##.#
#........#####
#..####.#
####)###.....# ...#
#.## #..###.....#
#<.# #.!#
##§##.......#
..######<#
#@D........#
†.....##.#
####.......#
.........##
##....o##
..........# .......#
........### .....o.#
........# .......#
.......## .<#...##
#######


You could see a steam dragon (catching breath).

Vanquished Creatures
  Sigmund (D:5)
  A water moccasin (D:5)
  2 black bears
  An orc warrior (D:4)
  3 ogres
  A centaur (D:5)
  A necrophage (D:6)
  A phantom (D:5)
  A bullfrog (D:7)
  4 scorpions
  2 wyvern zombies
  A howler monkey (D:5)
  4 jellies
  4 orc priests
  6 hounds
  A gnoll shaman (D:6)
  Jessica (D:3)
  An iguana (D:6)
  Ijyb (D:4)
  3 orc wizards
  2 hound skeletons
  9 gnolls
  3 adders
  An adder skeleton (D:3)
  2 worms
  6 dart slugs
  10 orcs
  9 ball pythons
  7 bats
  10 endoplasms
  3 giant cockroaches
  4 goblins
  8 hobgoblins
  5 jackals
  7 kobolds
  3 quokkas
  3 ball python skeletons (D:3)
  A ball python zombie (D:3)
  2 frilled lizards (D:2)
  A quokka skeleton (D:3)
  2 quokka zombies (D:3)
  7 rats
145 creatures vanquished.

Vanquished Creatures (others)
  An orc (D:3)
  A ball python skeleton (D:3)
  A jackal zombie (D:3)
  A quokka skeleton (D:3)
  5 withered plants (D:3)
9 creatures vanquished.

Grand Total: 154 creatures vanquished

Notes
Turn   | Place    | Note
-------+----------+-------------------------------------------
     0 | D:1      | safid the Hill Orc Fighter began the quest for the Orb.
     0 | D:1      | Reached XP level 1. HP: 19/19 MP: 1/1
     4 | D:1      | Found Baecosij's Distillery.
    35 | D:1      | Reached skill level 3 in Axes
    35 | D:1      | Reached XP level 2. HP: 5/27 MP: 2/2
   325 | D:1      | Found Koij's Jewellery Boutique.
   512 | D:1      | Reached XP level 3. HP: 29/33 MP: 3/3
   639 | D:1      | Found Haarets's General Store.
   672 | D:1      | Found a faded altar of an unknown god.
   826 | D:2      | Noticed a black bear
   838 | D:2      | Killed a black bear
   839 | D:2      | Reached skill level 5 in Axes
   839 | D:2      | Reached XP level 4. HP: 12/40 MP: 4/4
   839 | D:2      | Reached XP level 5. HP: 14/46 MP: 5/5
  1298 | D:2      | Reached skill level 6 in Axes
  2009 | D:3      | Noticed Jessica
  2013 | D:3      | Killed Jessica
  2014 | D:3      | Reached XP level 6. HP: 52/52 MP: 6/6
  2072 | D:3      | Became a worshipper of Beogh the Brigand
  2085 | D:3      | Reached skill level 7 in Axes
  2733 | D:4      | Reached skill level 8 in Axes
  3013 | D:4      | Found Dokudurru's General Store.
  3214 | D:4      | Reached * piety under Beogh
  3359 | D:4      | Noticed an orc warrior
  3363 | D:4      | Reached XP level 7. HP: 59/59 MP: 7/7
  3380 | D:4      | Reached skill level 9 in Axes
  3396 | D:4      | Noticed Ijyb
  3833 | D:4      | Identified the +6 dagger "Brush" {spect, rElec rCorr Str+2
                  | Dex-4}
  4088 | D:4      | Killed Ijyb
  4161 | D:5      | Entered Level 5 of the Dungeon
  4418 | D:5      | Reached skill level 10 in Axes
  4576 | D:5      | Noticed Sigmund
  4602 | D:5      | Killed Sigmund
  4603 | D:5      | Reached skill level 11 in Axes
  4603 | D:5      | Reached XP level 8. HP: 25/66 MP: 8/8
  4986 | D:5      | Reached skill level 12 in Axes
  5278 | D:5      | Identified the +8 mace of Recklessness {holy, Int+6}
  5466 | D:5      | Reached skill level 13 in Axes
  5843 | D:6      | Reached XP level 9. HP: 45/71 MP: 9/9
  5844 | D:6      | Reached ** piety under Beogh
  6175 | D:6      | Reached skill level 14 in Axes
  6222 | D:6      | Found a staircase to the Ecumenical Temple.
  6383 | D:6      | Found a broken altar of Ashenzari.
  6869 | D:7      | Reached skill level 15 in Axes
  7140 | D:7      | Killed from afar by a steam dragon

Illustrated notes

Levels and vault maps discovered:
D:1:      tarquinn_simple_flora_water_e, layout_rooms, serial_shops,
          nicolae_shop_crystal, shop_statue, nicolae_shop_waterfront,
          hellmonk_ecumenical_altar_pennies_from_heaven
D:2:      layout_basic
D:3:      layout_loops_cross, serial_undead, serial_undead_f, serial_undead_a,
          serial_undead_a, serial_undead_d, serial_undead_a, serial_undead_e,
          uniq_jessica
D:4:      layout_basic, serial_shops, shop, uniq_ijyb
D:5:      minmay_angry_zag, layout_loops_ring, uniq_sigmund
D:6:      layout_basic, kennysheep_mini, minmay_temple_entry_arrows
D:7:      layout_rooms, mainiacjoe_overflow_tiny_flanked, serial_shops, shop

Skill      XL: |  1  2  3  4  5  6  7  8  9 |
---------------+----------------------------+-----
Axes           | 3 5 6 8 11 13 15 | 15.3
Fighting       | 4 |  4.0
Armour         | 4 |  4.0
Shields        | 4 |  4.0

Action                   |  1- 3 |  4- 6 |  7- 9 || total
-------------------------+-------+-------+-------++-------
Melee: War axe           |    75 |   162 |   262 ||   499
Throw: Boomerang         |       |     2 |     4 ||     6
Invok: Convert to Beogh  |       |     1 |       ||     1
  Use: Potion            |       |       |     1 ||     1
       Scroll            |       |       |     8 ||     8
Armor: Scale mail        |    51 |    60 |    66 ||   177
Dodge: Dodged            |    50 |    65 |    83 ||   198
Block: Buckler           |    21 |    70 |   100 ||   191
       Reflection        |       |     2 |       ||     2
